 Dungeon Crawl Stone Soup version 0.27-a0-1137-g3ef0f4ec91 (webtiles) character file.

Game seed: 614202358774369179

239 kae the Slasher (level 5, -2/41 HPs)
             Began as a Demonspawn Abyssal Knight on May 6, 2021.
             Was a Believer of Lugonu.
             Slain by an iguana (4 damage)
             ... on level 4 of the Dungeon.
             The game lasted 00:01:42 (3234 turns).

kae the Slasher (Demonspawn Abyssal Knight)         Turns: 3234, Time: 00:01:43

Health: -2/41      AC:  7    Str: 13    XL:     5   Next: 79%
Magic:  6/6        EV:  9    Int: 14    God:    Lugonu [**....]
Gold:   145        SH:  0    Dex: 12    Spells: 4/4 levels left

rFire    . . .     SeeInvis .   a - +2 falchion
rCold    . . .     Faith    .   (no shield)
rNeg     . . .     Spirit   .   d - +0 scale mail
rPois    .         Reflect  .   (no helmet)
rElec    .         Harm     .   (no cloak)
rCorr    .         Rampage  .   g - +0 pair of gloves
Will     .....                  (no boots)
Stlth    ..........             (no amulet)
HPRegen  0.13/turn              (no ring)
MPRegen  0.10/turn              (no ring)

@: no status effects
A: ignite blood 1
a: Renounce Religion, Depart the Abyss, Bend Space


You were on level 4 of the Dungeon.
You worshipped Lugonu.
Lugonu was pleased with you.
You visited 1 branch of the dungeon, and saw 4 of its levels.
You visited the Abyss 1 time.

You collected 145 gold pieces.

Inventory:

Hand Weapons
 a - a +2 falchion (weapon)
Armour
 b - a +0 leather armour
 d - a +0 scale mail (worn)
 g - a +0 pair of gloves (worn)
Jewellery
 c - an amulet of faith
Wands
 f - a wand of paralysis (8)
Scrolls
 e - a scroll of fog


   Skills:
 - Level 3.0 Fighting
 + Level 5.6 Long Blades
 - Level 1.7 Armour
 - Level 0.8 Dodging
 - Level 2.4 Invocations


You had 4 spell levels left.
You didn't know any spells.
Your spell library was empty.

Dungeon Overview and Level Annotations

Branches:
Dungeon (4/15)
 Temple: D:4-7

Altars:
Ashenzari
Nemelex Xobeh
Wu Jian
Zin

Shops:
D:4 (


Innate Abilities, Weirdness & Mutations

Your demonic aura sometimes causes spilled blood to erupt in flames.


Message History

The endoplasm is moderately wounded.
You hear the rapid rusting of a very distant drain.
The endoplasm is engulfed in blazing flames.
You kill the endoplasm!
Lugonu accepts your kill.
You swing at nothing.
You closely miss the iguana. The iguana bites you!
You slash the iguana!
The iguana is heavily wounded.
The iguana is engulfed in blazing flames.
You kill the iguana!
Lugonu accepts your kill.
You can now bend space around yourself.
You swing at nothing.
You swing at nothing.
You swing at nothing.
The adder bites you but does no damage.
You closely miss the adder. The adder bites you.
You are poisoned.
The adder poisons you!
You hit the adder.
The adder is lightly wounded.
You feel sick.
The adder is engulfed in blazing flames.
You kill the adder!
Lugonu accepts your kill.
You swing at nothing.
You feel sick.
You swing at nothing.
You feel sick.
You swing at nothing.
You feel sick.
You closely miss the iguana.
The iguana is moderately wounded.
You feel sick. The iguana closely misses you.
You slash the iguana!
The iguana is severely wounded.
You feel sick. The iguana bites you.
* * * LOW HITPOINT WARNING * * *
You hit the iguana.
The iguana is almost dead.
You feel sick.
You are no longer poisoned.
The iguana bites you.
You die...

.....#.#....#
##.
...........#
#. #.#####...#
#.
..##...##.^#
## ..
#.$..?#.#####
.
#..)..#.....#
#.(...#.#'#..#
#...'###(## #
#l@[..#
#g###.## #.l
### #!.. #.?.
##$. ###


You could see an iguana and a goblin.

Vanquished Creatures
  3 hounds (D:4)
  An iguana (D:4)
  Terence (D:3)
  4 adders
  A worm (D:4)
  2 dart slugs
  2 orcs (D:4)
  3 bats
  6 endoplasms
  A giant cockroach (D:3)
  6 goblins
  4 hobgoblins
  4 jackals (D:1)
  8 ball pythons
  3 frilled lizards
  5 kobolds
54 creatures vanquished.

Notes
Turn   | Place    | Note
-------+----------+-------------------------------------------
     0 | Abyss:1  | kae the Demonspawn Abyssal Knight began the quest for the
                  | Orb.
     0 | Abyss:1  | Reached XP level 1. HP: 18/18 MP: 2/2
    36 | Abyss:1  | Noticed a ynoxinul
    37 | D:1      | Escaped the Abyss
   162 | D:1      | Found a faded altar of an unknown god.
   174 | D:1      | Reached skill level 2 in Long Blades
   282 | D:1      | Gained mutation: Your demonic aura sometimes causes spilled
                  | blood to erupt in flames. [demonic ancestry]
   282 | D:1      | Reached XP level 2. HP: 24/24 MP: 3/3
   384 | D:1      | Reached * piety under Lugonu
   713 | D:1      | Reached skill level 3 in Long Blades
   972 | D:2      | Reached XP level 3. HP: 21/29 MP: 4/4
  1338 | D:2      | Noticed a water moccasin
  1380 | D:3      | Found a broken altar of Ashenzari.
  1938 | D:3      | Noticed Terence
  1958 | D:3      | Killed Terence
  1959 | D:3      | Reached XP level 4. HP: 5/35 MP: 5/5
  2280 | D:3      | Reached skill level 4 in Long Blades
  2437 | D:3      | Found an ornate altar of the Wu Jian Council.
  2825 | D:4      | Found a sparkling altar of Nemelex Xobeh.
  2826 | D:4      | Noticed Edmund
  2852 | D:4      | Found Berur's Weapon Emporium.
  3200 | D:4      | Reached XP level 5. HP: 39/41 MP: 6/6
  3206 | D:4      | Reached skill level 5 in Long Blades
  3223 | D:4      | Reached ** piety under Lugonu
  3234 | D:4      | HP: 2/41 [poisoned by an adder]
  3234 | D:4      | Slain by an iguana

Illustrated notes

Levels and vault maps discovered:
D:1:      lightli_arrival_statue_moat, layout_loops_ring,
          ebering_ecumenical_altar_petrified
D:2:      layout_rooms, amcnicky_mini_corridor_feature
D:3:      layout_rooms, lemuel_doored_altar,
          nicolae_wu_jian_immortal_techniques, lemuel_round_altar,
          amcnicky_mini_rare_corridor_liquid, minmay_misc_feat_roman,
          minmay_misc_feat_pillars, uniq_terence
D:4:      layout_basic, nemelex_spade_bored_becter, lemuel_tele_altar,
          cheibrodos_sewer_entry_bend, serial_shops, shop,
          minmay_joined_circles, uniq_pikel, uniq_edmund

Skill      XL: |  1  2  3  4  5 |
---------------+----------------+-----
Long Blades    | 2 3 4 5 |  5.6
Fighting       | |  3.0
Armour         | |  1.7
Dodging        | |  0.8
Invocations    | |  2.4

Action                   |  1- 3 |  4- 6 || total
-------------------------+-------+-------++-------
Melee: Falchion          |   100 |    95 ||   195
Invok: Depart the Abyss  |     1 |       ||     1
  Use: Scroll            |     3 |       ||     3
Armor: Leather armour    |    23 |     2 ||    25
       Scale mail        |       |    38 ||    38
Dodge: Dodged            |    57 |    43 ||   100
       Rpst.: Falchion   |    22 |    10 ||    32

Table legend: (Time is in decaauts)
 A = Elapsed time spent in this place.
 B = Non-inter-level travel time spent in this place.
 C = Inter-level travel time spent in this place.
 D = Time resting spent in this place.
 E = Time spent auto-exploring this place.
 F = Levels seen in this place.
 G = Mean time per level.
                   A        B        C        D        E       F      G
               +--------+--------+--------+--------+--------+-----+--------+
         Total |   3254 |   3182 |     72 |     96 |   2642 |   5 |  650.8 |
       Dungeon |   3217 |   3145 |     72 |     96 |   2607 |   4 |  804.2 |
         Abyss |     37 |     37 |      0 |      0 |     35 |   1 |   37.0 |
               +--------+--------+--------+--------+--------+-----+--------+

Top non-repeatable levels by time:
     D:3: 1216 daAuts
     D:1: 907 daAuts
     D:4: 648 daAuts
     D:2: 445 daAuts
 Abyss:1: 37 daAuts
